 Dungeon Crawl Stone Soup version 0.26-a0-1013-gf6ffb0d6bd (webtiles) character file.

Game seed: 12125996834554334702

15670 lunkers the Geomancer (level 11, -1/94 HPs)
             Began as a Demigod Earth Elementalist on Dec 7, 2020.
             Slain by an unseen horror (5 damage)
             ... on level 11 of the Dungeon.
             The game lasted 00:20:29 (17038 turns).

lunkers the Geomancer (Demigod Earth Elementalist) Turns: 17038, Time: 00:20:29

Health: -1/94      AC:  8    Str: 11    XL:     11   Next: 72%
Magic:  20/46      EV: 12    Int: 25    God:
Gold:   671        SH:  0    Dex: 16    Spells: 16/27 levels left

rFire    . . .     SeeInvis .   w - +1 long sword (distort)
rCold    . . .     Faith    .   (no shield)
rNeg     . . .     Spirit   .   c - +0 robe
rPois    .         Reflect  .   h - +0 helmet (curse)
rElec    .         Harm     .   s - +2 cloak {rCorr}
rCorr    +         Rampage  .   A - +1 pair of gloves
Will     +....                  (no boots)
Stlth    ++........             (no amulet)
HPRegen  0.25/turn              O - ring of magical power
MPRegen  0.30/turn              G - ring of magical power

@: no status effects
A: high mp 1
a: no special abilities


You were on level 11 of the Dungeon.
You visited 1 branch of the dungeon, and saw 11 of its levels.

You collected 671 gold pieces.

Inventory:

Hand Weapons
 w - a +1 long sword of distortion (weapon)
Missiles
 b - 254 stones (quivered)
Armour
 c - a +0 robe (worn)
 g - a +0 kite shield
 h - a cursed +0 helmet (worn)
 s - a +2 cloak of preservation (worn)
 A - a +1 pair of gloves (worn)
Magical Staves
 u - an uncursed staff of fire {unknown}
 N - an uncursed staff of poison {unknown}
Jewellery
 B - an uncursed ring of stealth
 G - a ring of magical power (right hand)
 L - an uncursed ring of flight
 O - a ring of magical power (left hand)
 P - an uncursed ring of poison resistance
Wands
 j - a wand of enslavement (8)
 t - a wand of polymorph (19)
 y - a wand of acid (3)
 z - a wand of paralysis (25)
Scrolls
 i - 5 scrolls of enchant weapon {unknown}
 k - 6 scrolls of teleportation
 l - 6 scrolls of remove curse {unknown}
 m - 6 scrolls of enchant armour
 n - 4 scrolls of blinking {unknown}
 p - 2 scrolls of fog {unknown}
 q - 3 scrolls of magic mapping {unknown}
 v - a scroll of fear {unknown}
 C - 2 scrolls of noise {unknown}
 E - a scroll of vulnerability {unknown}
 I - a scroll of random uselessness {unknown}
 K - 3 scrolls of identify
 M - a scroll of summoning {unknown}
Potions
 a - 4 potions of heal wounds
 d - a potion of flight
 e - a potion of curing
 f - 3 potions of lignification
 o - 5 potions of might
 r - 7 potions of haste
 x - a potion of brilliance
 D - a potion of ambrosia
 F - 2 potions of attraction
 H - a potion of mutation {unknown}
Miscellaneous
 J - a box of beasts


   Skills:
 + Level 8.2 Fighting
 - Level 1.7 Dodging
 - Level 1.7 Stealth
 + Level 8.7 Spellcasting
 - Level 2.0 Conjurations
 - Level 0.8 Transmutations
 * Level 13.0 Earth Magic


You had 16 spell levels left.
You knew the following spells:

 Your Spells              Type           Power        Failure   Level
a - Stone Arrow           Conj/Erth      #####.       1%          3
b - Passwall              Tmut/Erth      #####...     1%          2
c - Sandblast             Erth           ######       1%          1
d - Lee's Rapid Deconstr  Erth           ######....   1%          5

Your spell library contained the following spells:

 Spells                   Type           Power        Failure   Level
 Magic Dart               Conj           ###.         2%          1
 Foxfire                  Conj/Fire      ###.         3%          1
 Shock                    Conj/Air       ###.         3%          1
 Searing Ray              Conj           ###...       3%          2
 Petrify                  Tmut/Erth      #####...     3%          4
 Beastly Appendage        Tmut           ###...       4%          1
 Wereblood                Tmut           ###.....     6%          2
 Corpse Rot               Necr/Air       N/A          9%          2
 Swiftness                Air            ##......     9%          2
 Conjure Flame            Conj/Fire      ###.....     11%         3
 Dazzling Flash           Conj/Hex       ###...       11%         3
 Static Discharge         Conj/Air       ###.....     11%         3
 Spider Form              Tmut/Pois      ##........   14%         3
 Inner Flame              Hex/Fire       ##......     17%         3
 Fulminant Prism          Conj/Hex       ###.......   36%         4
 Iskenderun's Mystic Bla  Conj/Tloc      ###.....     36%         4
 Sticky Flame             Conj/Fire      ###.....     36%         4
 Ice Form                 Ice/Tmut       ##......     43%         4
 Airstrike                Air            ##........   50%         4
 Iskenderun's Battlesphe  Conj           ###.....     56%         5
 Fireball                 Conj/Fire      ###.......   71%         5
 Lightning Bolt           Conj/Air       ###.......   71%         5
 Blade Hands              Tmut           ###.......   73%         5
 Orb of Destruction       Conj           ###.......   100%        7


Dungeon Overview and Level Annotations

Branches:
Dungeon (11/15)            Temple (0/1) D:6            Lair (0/6) D:10
    Orc: D:9-12

Shops:
D:6 !   D:11 }

Annotations:
D:7 2 transporters


Innate Abilities, Weirdness & Mutations

You have an increased reservoir of magic. (+10% MP)


Message History

* * * LOW HITPOINT WARNING * * *
Something hits you!
* * * LOW HITPOINT WARNING * * *
Something hits you.
* * * LOW HITPOINT WARNING * * *
Something hits you but does no damage.
Things that are here:
a +0 whip; a +0 leather armour; an orc corpse
Casting: Stone Arrow (safe; 1% risk of failure)
Confirm with . or Enter, or press ? or * to list all spells.
Aiming: Stone Arrow (safe; 1% risk of failure)
Press: ? - help, Shift-Dir - straight line Something hits you.
* * * LOW HITPOINT WARNING * * *
Unknown command.
Unknown command.
Something hits you!
* * * LOW HITPOINT WARNING * * *
Something hits you.
You die...

# #.((...#..#.........###'# #
##.##.................∩.# #
#.)..†#>.#............)# #
#########.......#.....†..>..)
#
#................).........##
#.####.###......)..........##
#.# #########..##.##.....).##
#.###....)..###.#.#######'##
#.##...####.@.###.........#
#.....##..##)).##.........#
#...8.'..).'.8..#.........#
#.....##..##..).##.....##'##
#.##...####......#.....#...#
#.###........##..#.....#...#
#.# #'######## #.##....'...#
#.# #.. ..###'##.^.# #. ..#
..# #.##.<.##


There were no monsters in sight!

Vanquished Creatures
  A centaur warrior (D:10)
  A catoblepas (D:9)
  A two-headed ogre (D:11)
  Erica (D:11)
  A wizard (D:10)
  A manticore (D:11)
  A centaur zombie (D:11)
  A troll (D:6)
  Grinder (D:3)
  5 slime creatures (D:11)
  4 large abominations (D:10)
  3 wyverns
  A wraith (D:11)
  11 yaks (D:11)
  6 small abominations (D:10)
  3 ice beasts
  12 orc warriors
  A sky beast (D:5)
  2 eyes of draining (D:7)
  2 black bears
  2 ogres
  4 phantoms
  7 centaurs
  4 bullfrogs
  A water moccasin skeleton (D:6)
  4 killer bees (D:9)
  A howler monkey (D:8)
  5 wights
  2 bullfrog zombies
  A quasit (D:10)
  A centaur skeleton (D:6)
  8 hounds
  2 gnoll shamans
  10 orc priests
  A jelly (D:8)
  6 orc wizards
  3 bullfrog skeletons
  4 iguanas
  10 worker ants
  3 hound skeletons
  2 worker ant zombies
  Robin (D:3)
  7 gnolls
  16 adders
  3 shadow imps
  3 white imps
  2 ufetubi
  3 oozes
  2 adder skeletons
  6 worms
  2 dart slugs (D:1)
  A leopard gecko (D:1)
  28 orcs
  5 bats
  5 giant cockroaches
  18 goblins
  6 hobgoblins
  11 jackals
  8 kobolds
  5 quokkas
  2 frilled lizards
  A jackal skeleton (D:4)
  A jackal zombie (D:6)
  A quokka zombie (D:4)
  10 rats
287 creatures vanquished.

Notes
Turn   | Place    | Note
-------+----------+-------------------------------------------
     0 | D:1      | lunkers the Demigod Earth Elementalist began the quest for
                  | the Orb.
     0 | D:1      | Reached XP level 1. HP: 14/14 MP: 5/5
    89 | D:1      | Reached skill level 3 in Earth Magic
   263 | D:1      | Reached XP level 2. HP: 20/20 MP: 5/7
   721 | D:2      | Reached XP level 3. HP: 21/26 MP: 6/9
  1132 | D:2      | Reached skill level 4 in Earth Magic
  1221 | D:2      | Reached XP level 4. HP: 25/33 MP: 1/10
  1364 | D:2      | Learned a level 2 spell: Passwall
  1368 | D:2      | Learned a level 3 spell: Stone Arrow
  1709 | D:2      | Found a sacrificial altar of Ru.
  1727 | D:2      | Found a blossoming altar of Fedhas.
  1774 | D:3      | Noticed Robin
  1880 | D:3      | Killed Robin
  2131 | D:3      | Found a shimmering blue altar of Sif Muna.
  2212 | D:3      | Reached XP level 5. HP: 38/38 MP: 10/12
  2436 | D:3      | Noticed Grinder
  2445 | D:3      | Killed Grinder
  2446 | D:3      | Reached skill level 1 in Conjurations
  2446 | D:3      | Reached skill level 5 in Earth Magic
  2446 | D:3      | Reached XP level 6. HP: 41/45 MP: 7/14
  3080 | D:4      | Reached skill level 6 in Earth Magic
  3313 | D:4      | Reached XP level 7. HP: 44/50 MP: 3/16
  3645 | D:4      | Found a hide-covered altar of Uskayaw.
  4050 | D:4      | Learned a level 5 spell: Lee's Rapid Deconstruction
  4275 | D:5      | Entered Level 5 of the Dungeon
  4469 | D:5      | Reached skill level 1 in Fighting
  4469 | D:5      | Reached skill level 7 in Earth Magic
  5008 | D:5      | Reached XP level 8. HP: 61/61 MP: 11/18
  5702 | D:6      | Found an ornate altar of the Wu Jian Council.
  5847 | D:6      | Noticed a troll
  5852 | D:6      | Killed a troll
  5853 | D:6      | Reached skill level 5 in Spellcasting
  5853 | D:6      | Reached skill level 8 in Earth Magic
  5933 | D:6      | Found a basalt altar of Yredelemnul.
  6128 | D:6      | Found a staircase to the Ecumenical Temple.
  6755 | D:6      | Found Qyutedeno's Distillery.
  7308 | D:7      | Found a bloodstained altar of Trog.
  7329 | D:7      | Reached XP level 9. HP: 61/71 MP: 1/21
  7471 | D:7      | Reached skill level 9 in Earth Magic
  7619 | D:7      | Found a transporter.
  7621 | D:7      | Noticed a deep elf mage
  8311 | D:7      | Found a shimmering altar of Xom.
  8448 | D:7      | Found a transporter.
 10127 | D:9      | Reached skill level 10 in Earth Magic
 10265 | D:9      | Reached skill level 5 in Fighting
 11110 | D:9      | Noticed a catoblepas
 11126 | D:9      | Killed a catoblepas
 11127 | D:9      | Reached XP level 10. HP: 33/81 MP: 4/24
 11601 | D:10     | Entered Level 10 of the Dungeon
 11896 | D:10     | Found a staircase to the Lair.
 12591 | D:10     | Noticed a wizard
 12594 | D:10     | Killed a wizard
 12595 | D:10     | Reached skill level 11 in Earth Magic
 12635 | D:10     | Noticed a large abomination
 12635 | D:10     | Noticed a large abomination
 12635 | D:10     | Noticed a large abomination
 13116 | D:10     | Banished a large abomination
 13503 | D:10     | Killed a large abomination
 13527 | D:10     | Noticed a large abomination
 13532 | D:10     | Killed a large abomination
 13656 | D:10     | Killed a large abomination
 13810 | D:10     | Identified the Guide on Flying Battle Magic
 13860 | D:11     | Noticed a centaur warrior
 14028 | D:10     | Killed a centaur warrior
 14029 | D:10     | Reached XP level 11. HP: 11/92 MP: 19/27
 14828 | D:11     | Reached skill level 12 in Earth Magic
 15111 | D:11     | Noticed Erica
 15118 | D:11     | Killed Erica
 15224 | D:11     | Noticed a two-headed ogre
 15233 | D:11     | Killed a two-headed ogre
 15402 | D:11     | Found Xaeqan's Gadget Boutique.
 15615 | D:11     | Found a sparkling altar of Nemelex Xobeh.
 16906 | D:11     | Reached skill level 13 in Earth Magic
 17038 | D:11     | HP: 4/94 [something (10)]
 17038 | D:11     | Slain by an unseen horror

Illustrated notes

Levels and vault maps discovered:
D:1:      dpeg_arrival_long_road, layout_rooms
D:2:      layout_basic, minitemple, hex_large, hex_intersection,
          minmay_randomly_rotated_circles
D:3:      layout_rooms, lemuel_blue_sif_altar, minmay_statues_item, uniq_robin,
          uniq_grinder
D:4:      layout_cave_pools, grunt_ministairs_8, minmay_ruined_shrine
D:5:      layout_loops_ring, cheibrodos_sewer_entry_drain
D:6:      layout_basic, kennysheep_mini, minmay_temple_entry_glassed_door,
          basic_altar, serial_shops, kennysheep_mini_moat
D:7:      gammafunk_the_bubble [the_bubble_gammafunk_crates], layout_cave_pods,
          tgw_xom, trog_eyes_of_draining, kennysheep_generic_room_15
D:8:      layout_basic, enter_bailey_3, minmay_circle_x
D:9:      layout_grid_maze
D:10:     layout_small_grid, lair_entry_dummy, laboratory
D:11:     layout_basic, david_orc_1_choice, serial_shops, shop,
          nemelex_xobeh_ov_fountains_minmay, uniq_erica

Skill      XL: |  1  2  3  4  5  6  7  8  9 10 11 |
---------------+----------------------------------+-----
Earth Magic    | 3 4 5 6 7 8 10 11 13 | 13.0
Spellcasting   | 2 3 4 5 6 7 8 |  8.7
Conjurations   | 1 2 |  2.0
Fighting       | 1 3 5 7 8 |  8.2
Dodging        | |  1.7
Stealth        | |  1.7
Transmutations | |  0.8

Action                   |  1- 3 |  4- 6 |  7- 9 | 10-12 || total
-------------------------+-------+-------+-------+-------++-------
Melee: Long sword        |       |    10 |    45 |    10 ||    65
 Cast: Sandblast         |    57 |    48 |     7 |     4 ||   116
       Stone Arrow       |       |    30 |   187 |   258 ||   475
Evoke: Wand              |       |       |     4 |       ||     4
  Use: Scroll            |       |       |     7 |     6 ||    13
       Potion            |       |       |     1 |       ||     1
Armor: Robe              |     2 |     4 |    51 |    27 ||    84
Dodge: Dodged            |     4 |    28 |    94 |    88 ||   214
       Rpst.: Long sword |       |     7 |    19 |    26 ||    52

Table legend: (Time is in decaauts)
 A = Elapsed time spent in this place.
 B = Non-inter-level travel time spent in this place.
 C = Inter-level travel time spent in this place.
 D = Time resting spent in this place.
 E = Time spent auto-exploring this place.
 F = Levels seen in this place.
 G = Mean time per level.
                   A        B        C        D        E       F      G
               +--------+--------+--------+--------+--------+-----+--------+
         Total |  17087 |  16805 |    282 |   2589 |  12279 |  11 | 1553.4 |
       Dungeon |  17087 |  16805 |    282 |   2589 |  12279 |  11 | 1553.4 |
               +--------+--------+--------+--------+--------+-----+--------+

Top non-repeatable levels by time:
    D:10: 2444 daAuts
     D:9: 2366 daAuts
    D:11: 2359 daAuts
     D:6: 1767 daAuts
     D:4: 1711 daAuts
     D:7: 1566 daAuts
     D:8: 1209 daAuts
     D:2: 1200 daAuts
     D:5: 1093 daAuts
     D:3: 691 daAuts
     D:1: 677 daAuts
